Map: Acid Plant LE

Players

Clem - Winner!

  • Race: Terran Terran
  • League: Master
  • Spawn Location: 5:00

Zest

  • Race: Protoss Protoss
  • League: Master
  • Spawn Location: 11:00

Event: HomeStory Cup XVIII

VOD

Have the link to the VOD?

Description

Time

  • Played on: Nov. 23, 2018, 2 p.m.
  • Length: 11:15

All games in this series

Show
View Real Time Build Order
Export as new Build Order

Clem Terran - Winner!

Build Orders: Gas First Reaper Expand, Reaper Expand 

Get SALT Encoding   

  12  0:00  SCV  
  13  0:12  SCV  
  14  0:17  Supply Depot  
  14  0:25  SCV  
  15  0:29  Refinery  
  15  0:38  SCV  
  16  0:44  Barracks  
  16  0:50  SCV  
  17  1:03  SCV  
  18  1:15  SCV  
  19  1:31  Reaper, Orbital Command  
  20  1:46  Command Center  
  20  1:57  Factory  
  20  2:01  SCV  
  20  2:06  Barracks Reactor  
  21  2:11  Supply Depot  
  21  2:14  SCV  
  22  2:20  Refinery  
  22  2:27  SCV  
  23  2:39  SCV  
  23  2:43  Starport  
  26  2:44  Marine, Hellion  
  26  2:46  Marine  
  28  2:52  SCV  
  29  2:59  Orbital Command  
  29  3:04  SCV  
  30  3:06  Marine x2  
  30  3:12  Widow Mine  
  34  3:18  SCV  
  35  3:23  Viking  
  37  3:27  Marine  
  37  3:28  Marine  
  37  3:29  SCV  
  37  3:32  SCV  
  41  3:35  Factory Tech Lab  
  41  3:41  Supply Depot, SCV  
  41  3:44  SCV  
  41  3:45  Marine x2  
  45  3:53  SCV  
  46  4:02  Medivac, Siege Tank  
  51  4:03  Engineering Bay  
  51  4:04  Supply Depot  
  51  4:12  Marine x2  
  51  4:14  SCV  
  51  4:15  SCV  
  52  4:24  Liberator  
  52  4:26  SCV  
  52  4:27  SCV  
  52  4:28  Supply Depot  
  54  4:32  Missile Turret  
  54  4:33  Missile Turret, Marine x2  
  56  4:41  Siege Tank  
  62  4:46  Supply Depot  
  62  4:50  SCV  
  62  4:51  Marine x2  
  65  4:55  SCV  
  64  5:02  SCV  
  63  5:09  Marine, Barracks  
  63  5:10  Marine, Terran Infantry Weapons Level 1, Barracks  
  65  5:15  SCV  
  65  5:16  Refinery  
  65  5:17  Refinery  
  65  5:19  SCV  
  67  5:27  Marine, Siege Tank  
  67  5:28  Marine, SCV  
  66  5:31  SCV  
  65  5:37  Starport Tech Lab  
  65  5:40  SCV  
  60  5:44  Marine  
  60  5:46  Command Center  
  60  5:49  SCV  
  62  5:52  SCV  
  63  5:59  Marine  
  63  6:02  Supply Depot, Marine  
  63  6:03  Starport Reactor  
  63  6:04  SCV  
  66  6:06  Combat Shield  
  66  6:07  Stimpack  
  66  6:08  Factory Reactor  
  66  6:09  Marauder  
  68  6:13  Marauder  
  68  6:17  Marine  
  71  6:18  Supply Depot  
  71  6:20  Marine  
  71  6:21  SCV  
  71  6:22  SCV  
  74  6:28  Barracks x2  
  74  6:34  Marauder x2  
  74  6:38  Supply Depot, Marine  
  79  6:41  Medivac  
  79  6:45  Medivac  
  83  6:49  Bunker  
  83  6:54  Marine  
  83  6:55  Marauder  
  83  6:56  Marauder  
  83  6:59  Widow Mine  
  83  7:01  Widow Mine  
  90  7:04  Orbital Command  
  90  7:09  Supply Depot, Terran Infantry Armor Level 1  
  90  7:13  Marine x2  
  90  7:15  Barracks Reactor, Barracks Tech Lab  
  92  7:16  Marauder  
  92  7:19  SCV x2  
  96  7:24  Supply Depot  
  96  7:25  Widow Mine x2  
  98  7:31  Medivac  
  98  7:34  Orbital Command  
  98  7:35  Marine  
  98  7:36  Marine  
  99  7:38  Marauder  
  99  7:39  Marauder  
  99  7:41  SCV x2  
  105  7:46  Widow Mine  
  105  7:47  Supply Depot  
  105  7:48  Widow Mine  
  108  7:52  Marauder  
  108  7:53  Supply Depot  
  108  7:56  Marine x4  
  114  7:59  Marine  
  114  8:00  Marauder  
  117  8:05  Armory  
  117  8:06  Engineering Bay  
  117  8:08  Missile Turret  
  117  8:11  SCV x2  
  117  8:12  SCV  
  120  8:19  Marine x4  
  121  8:23  SCV  
  121  8:24  Widow Mine x2, SCV x2  
  130  8:36  Marauder x3  
  130  8:37  SCV  
  130  8:38  Ghost Academy  
  137  8:45  Supply Depot, Marine x4  
  141  8:52  Widow Mine x2  
  141  8:54  Medivac  
  141  8:55  Medivac  
  149  8:58  Supply Depot  
  149  9:04  SCV  
  149  9:06  SCV  
  149  9:10  Supply Depot  
  149  9:11  Ghost x2  
  149  9:12  Refinery  
  149  9:15  Marine x2  
  149  9:16  Widow Mine x2  
  151  9:19  Ghost  
  153  9:24  Medivac  
  153  9:28  Supply Depot  
  155  9:32  Medivac  
  155  9:38  Marine x4  
  159  9:40  Marine, Marauder  
  159  9:42  Widow Mine  
  166  9:48  Marauder  
  166  9:51  Widow Mine  
  169  9:52  Supply Depot  
  169  9:56  Marine  
  169  9:58  Marauder  
  171  10:02  Marauder  
  171  10:03  Widow Mine  
  173  10:12  Widow Mine  
  173  10:15  Marauder  
  173  10:21  Marine, Marauder  
  167  10:22  Marine  
  167  10:23  Marauder  
  167  10:25  Widow Mine  
  167  10:26  Marine x2  
  168  10:28  SCV x2  
  168  10:30  Barracks  
  168  10:31  Barracks x2  
  168  10:34  Widow Mine  
  150  10:39  Medivac  
  150  10:42  Marine x2  
  154  10:43  Marauder  
  154  10:44  SCV  
  154  10:46  Widow Mine, Marauder  
  154  10:53  Marauder  
Show
View Real Time Build Order
Export as new Build Order

Zest Protoss 

Build Orders: 1 Gate Expand, Oracle Opening, Chargelot Immortal 

Get SALT Encoding   

  12  0:00  Probe  
  13  0:12  Probe  
  14  0:17  Pylon  
  14  0:24  Probe  
  15  0:32  Probe  
  15  0:36  Gateway  
  15  0:40  Probe  
  16  0:46  Assimilator  
  17  0:51  Probe  
  18  1:03  Probe  
  19  1:15  Probe  
  20  1:23  Nexus  
  20  1:33  Cybernetics Core  
  20  1:36  Probe  
  21  1:42  Assimilator  
  21  1:49  Probe  
  22  2:01  Probe  
  23  2:07  Pylon  
  23  2:15  Stargate  
  23  2:16  Adept  
  23  2:19  Probe  
  23  2:27  Warp Gate  
  25  2:31  Probe  
  25  2:35  Probe  
  27  2:37  Adept  
  27  2:43  Probe  
  30  2:49  Oracle, Probe  
  31  2:55  Probe  
  32  3:01  Probe  
  32  3:04  Pylon, Adept  
  36  3:09  Probe  
  39  3:13  Probe  
  39  3:17  Oracle  
  40  3:21  Probe  
  40  3:25  Probe  
  46  3:34  Probe  
  46  3:35  Pylon  
  46  3:37  Probe  
  47  3:47  Gateway x2, Oracle  
  44  3:56  Probe x2  
  49  4:10  Nexus  
  49  4:21  Probe x2  
  51  4:26  Assimilator  
  51  4:27  Pylon  
  51  4:29  Assimilator  
  51  4:33  Twilight Council, Probe  
  51  4:34  Forge  
  51  4:36  Probe  
  53  4:43  Sentry  
  53  4:45  Probe  
  56  4:48  Stalker  
  56  4:50  Stalker  
  60  5:08  Protoss Ground Weapons Level 1  
  60  5:17  Stalker x3  
  66  5:22  Blink  
  50  5:36  Probe x2  
  50  5:40  Probe  
  51  5:48  Probe  
  51  5:49  Probe  
  53  5:51  Gateway  
  53  5:52  Gateway, Probe  
  53  5:53  Gateway  
  53  5:56  Gateway  
  54  5:58  Gateway  
  54  6:01  Probe x2  
  56  6:04  Probe, Robotics Facility  
  57  6:12  Stalker x3  
  57  6:13  Probe x2  
  57  6:14  Pylon  
  65  6:20  Pylon  
  65  6:22  Pylon  
  65  6:23  Probe  
  65  6:25  Probe x2  
  68  6:37  Stalker x3  
  73  6:41  Protoss Ground Armor Level 1  
  69  6:49  Stalker x2  
  73  6:55  Phoenix  
  73  6:58  Stalker x2  
  79  7:13  Probe x3  
  79  7:14  Pylon  
  82  7:17  Observer  
  83  7:23  Sentry  
  83  7:27  Charge  
  85  7:37  Zealot x2  
  85  7:38  Zealot x3  
  85  7:42  Pylon  
  85  7:43  Pylon, Immortal  
  99  7:44  Pylon  
  99  7:50  Probe x2  
  99  7:51  Probe  
  100  8:02  Probe  
  100  8:03  Probe x2  
  103  8:13  Zealot x7  
  103  8:14  Zealot  
  103  8:15  Probe  
  103  8:16  Protoss Ground Armor Level 2  
  103  8:19  Immortal  
  120  8:20  Pylon  
  124  8:41  Nexus  
  124  8:44  Pylon  
  124  8:54  Immortal  
  124  9:01  Zealot x2  
  124  9:02  Zealot x6  
  143  9:03  Pylon  
  143  9:12  Forge  
  143  9:25  Zealot  
  143  9:26  Zealot x7  
  159  9:34  Pylon x2  
  159  9:39  Immortal  
  161  9:55  Zealot  
  161  9:56  Zealot x7  
  153  10:22  Zealot x8  
  147  10:29  Immortal  
  125  10:44  Sentry x3, Stalker  
  125  10:49  Zealot x4  
  89  11:09  Zealot x8  
Tags
 
Add a new tag
Caveats
  • Supply blocks, unpowered buildings, or Contaminate may cause inaccurate times.
  • Supply counts are checked every 10 seconds.